 Dungeon Crawl Stone Soup version 0.19-a0-1626-g5215c36 (webtiles) character file.

337 jacquesderrida the Ruffian (level 6, -1/30 HPs)
             Began as a Vine Stalker Skald on Sept 18, 2016.
             Was an Initiate of Cheibriados.
             Slain by a killer bee zombie (4 damage)
             ... on level 6 of the Dungeon.
             The game lasted 00:08:08 (1502 turns).

jacquesderrida the Ruffian (Vine Stalker Skald)     Turns: 1502, Time: 00:08:09

Health: -1/30      AC:  6    Str: 18    XL:     6   Next: 54%
Magic:  0/10       EV: 10    Int: 15    God:    Cheibriados [......]
Gold:   77         SH:  0    Dex: 14    Spells: 1 memorised, 8 levels left

rFire  . . .     SeeInvis .       - Unarmed
rCold  . . .     Gourm    .     d - +0 ring mail
rNeg   . . .     Faith    .     (no shield)
rPois  .         Spirit   +     (no helmet)
rElec  .         Dismiss  .     k - +0 cloak
rCorr  .         Reflect  .     (no gloves)
MR     .....     Harm     .     (no boots)
Stlth  +.........               i - amulet of regeneration
                                (no ring)
                                (no ring)

@: slowed, very slow
A: fangs 2, regeneration 1, strong 1, magic shield, antimagic bite, no device
heal 3, rot immunity
a: Bend Time, Renounce Religion


You were on level 6 of the Dungeon.
You worshipped Cheibriados.
Cheibriados was noncommittal.
You were not hungry.

You visited 2 branches of the dungeon, and saw 7 of its levels.

You collected 77 gold pieces.

Inventory:

Armour
 a - a +0 leather armour
 d - a +0 ring mail (worn)
 k - a +0 cloak (worn)
Jewellery
 i - an amulet of regeneration (around neck)
Wands
 j - a wand of flame (41/48)
 n - a wand of lightning (2/15)
 q - a wand of flame (31/48)
Scrolls
 f - a scroll of summoning {unknown}
 l - a scroll of fog {unknown}
Potions
 e - a potion of agility
 m - a potion of might
 o - a potion of haste {unknown}
 r - a potion of flight {unknown}
Books
 b - a book of Battle

   Spells                             Type                      Level
   a - Infusion                       Charms                       1
   b - Shroud of Golubria             Charms/Translocation         2
   c - Song of Slaying                Charms                       2
   d - Spectral Weapon                Hexes/Charms                 3
   e - Regeneration                   Charms/Necromancy            3
Comestibles
 c - 4 bread rations
 h - a beef jerky
 p - 2 meat rations


   Skills:
 - Level 1.7 Fighting
 - Level 0.7 Armour
 - Level 0.7 Dodging
 + Level 6.7 Unarmed Combat
 - Level 2.1 Spellcasting
 - Level 3.0 Charms


You had 8 spell levels left.
You knew the following spells:

 Your Spells              Type           Power        Failure   Level  Hunger
a - Infusion              Chrm           ##..         12%         1    #......


Dungeon Overview and Level Annotations

Branches:
Dungeon (6/15)             Temple (1/1) D:5

Altars:
Cheibriados
Dithmenos
Kikubaaqudgha
Nemelex Xobeh
Qazlal
Ru
Uskayaw
Vehumet
Zin
The Shining One


Innate Abilities, Weirdness & Mutations

You have extremely sharp teeth.
Your natural rate of healing is unusually fast.
When hurt, damage is shared between your health and your magic reserves.
Your bite disrupts and absorbs the magic of your enemies.
Potions and wands cannot restore your health.
You are immune to rotting.
Your muscles are strong. (Str +2)


Message History

The killer bee zombie closely misses you. x2
The orc hits you with a whip.
* * * LOW HITPOINT WARNING * * *
The orc wizard gestures at you while chanting.
You feel yourself slow down.
You hit the orc wizard. You bite the orc wizard.
The orc wizard's magic leaks into the air.
You drain its magic.
You feel invigorated.
You kill the orc wizard!
Cheibriados thoroughly appreciates the change of pace.
The killer bee zombie hits you.
* * * LOW HITPOINT WARNING * * *
The killer bee zombie barely misses you.
The orc barely misses you.
The killer bee zombie closely misses you.
The orc hits you with a whip.
* * * LOW HITPOINT WARNING * * *
The killer bee zombie hits you but does no damage.
The orc hits you but does no damage. The killer bee zombie hits you.
You die...

........#
........# .
(........ ..
(.......# ...
....!...# !...
........# .....
......(o##......
#Z@..%....
######.#.#


You could see an orc and a killer bee zombie.

Vanquished Creatures
  A scorpion (D:5)
  2 orc priests (D:5)
  An orc wizard (D:6)
  A bullfrog skeleton (D:3)
  An iguana (D:5)
  2 worker ants (D:5)
  A hound skeleton (D:5)
  3 adders
  2 dart slugs
  4 leopard geckos
  12 orcs
  3 bats
  A giant cockroach (D:2)
  2 goblins
  A hobgoblin (D:5)
  3 jackals (D:5)
  2 quokkas (D:5)
  3 frilled lizards
  A jackal skeleton (D:5)
  A kobold (D:3)
  4 rats
51 creatures vanquished.

Vanquished Creatures (others)
  4 toadstools (D:1)
4 creatures vanquished.

Grand Total: 55 creatures vanquished

Notes
Turn   | Place    | Note
-------+----------+-------------------------------------------
     0 | D:1      | jacquesderrida the Vine Stalker Skald began the quest for the Orb.
     0 | D:1      | Reached XP level 1. HP: 11/11 MP: 4/4
   125 | D:1      | Reached XP level 2. HP: 13/15 MP: 6/6
   225 | D:2      | Reached skill level 3 in Unarmed Combat
   401 | D:3      | Found a sparkling altar of Nemelex Xobeh.
   418 | D:3      | Reached XP level 3. HP: 9/18 MP: 7/7
   435 | D:3      | Reached skill level 4 in Unarmed Combat
   607 | D:3      | Found a sparkling altar of Nemelex Xobeh.
   694 | D:3      | Gained mutation: Your muscles are strong. (Str +2) [potion of beneficial mutation]
   697 | D:3      | Gained mutation: Your natural rate of healing is unusually fast. [Vine Stalker growth]
   697 | D:3      | Reached XP level 4. HP: 7/23 MP: 6/8
   810 | D:4      | Found a stormy altar of Qazlal.
   986 | D:5      | Entered Level 5 of the Dungeon
  1080 | D:5      | Reached skill level 5 in Unarmed Combat
  1080 | D:5      | Reached XP level 5. HP: 25/26 MP: 4/9
  1121 | D:5      | Found a staircase to the Ecumenical Temple.
  1137 | D:5      | Reached skill level 6 in Unarmed Combat
  1137 | D:5      | Reached XP level 6. HP: 3/30 MP: 1/10
  1155 | Temple   | Entered the Ecumenical Temple
  1199 | Temple   | Became a worshipper of Cheibriados the Contemplative
  1292 | D:5      | Found a radiant altar of Vehumet.
  1502 | D:6      | Slain by a killer bee zombie

Vault maps used:
D:1:      ldierk_water_garden, minmay_tiny_reverse_x
D:2:      lemuel_coloured_pillars_altar
D:3:      fedhas_altar_2, nicolae_overflow_crystal_walls,
          nemelex_xobeh_ov_fountains_minmay
D:4:      kennysheep_mini
D:5:      vehumet_altar_wand_db, first_bread
D:6:      portal_sewer_entry_f, uniq_sigmund
Temple:   hc_temple_tempest_star

Skill      XL: |  1  2  3  4  5 |
---------------+----------------+-----
Unarmed Combat | 3 4 5 6 |  6.7
Fighting       | |  1.7
Armour         | |  0.7
Dodging        | |  0.7
Spellcasting   | |  2.1
Charms         | |  3.0

Action                   |  1- 3 |  4- 6 || total
-------------------------+-------+-------++-------
Melee: Unarmed           |    52 |   104 ||   156
       Bite              |    11 |    27 ||    38
       Punch             |     2 |     1 ||     3
Throw: Javelin           |    15 |    15 ||    30
Evoke: Wand              |       |     3 ||     3
  Use: Scroll            |     1 |     3 ||     4
       Potion            |     4 |       ||     4
  Eat: Chunk             |       |     1 ||     1
       Pizza             |       |     1 ||     1
Armor: Leather armour    |     2 |       ||     2
       Ring mail         |    14 |    33 ||    47
Dodge: Dodged            |    35 |    58 ||    93
